 Dungeon Crawl Stone Soup version 0.28-a0-2-g643f2454ad (webtiles) character file.

Game seed: 16620229684967255515

2722 Sweetruy1997 the Thrower (level 9, -13/112 HPs)
             Began as a Minotaur Berserker on July 22, 2021.
             Was a Priest of Trog.
             Mangled by a boulder beetle (19 damage)
             ... on level 7 of the Dungeon.
             The game lasted 00:17:32 (6477 turns).

Sweetruy1997 the Thrower (Minotaur Berserker)       Turns: 6477, Time: 00:17:33

Health: -13/112    AC:  7    Str: 24    XL:     9   Next: 39%
Magic:  8/8        EV: 12    Int:  5    God:    Trog [***...]
Gold:   370        SH: 10    Dex: 10    Spells: 8/8 levels left

rFire   + . .      SeeInvis .   t - +4 dagger (venom)
rCold   + + .      Faith    .   n - +1 buckler
rNeg    + . .      Spirit   .   r - +3 leather armour
rPois   .          Reflect  +   E - +0 hat
rElec   .          Harm     .   e - scarf {rC+ rF+}
rCorr   .          Rampage  .   (no gloves)
Will    .....                   k - +0 pair of boots
Stlth   ..........              i - amulet of reflection
HPRegen 0.28/turn               b - ring of positive energy
MPRegen 0.11/turn               o - ring of protection from cold

@: berserking, very quick
A: horns 2, retaliatory headbutt
a: Renounce Religion, Berserk, Trog's Hand


You were on level 7 of the Dungeon.
You worshipped Trog.
Trog was most pleased with you.
You visited 2 branches of the dungeon, and saw 8 of its levels.

You collected 370 gold pieces.

Inventory:

Hand Weapons
 t - a +4 dagger of venom (weapon)
Missiles
 a - 2 javelins (quivered)
 l - 5 silver boomerangs
Armour
 e - a scarf of resistance (worn)
 k - a +0 pair of boots (worn)
 n - a +1 buckler (worn)
 r - a +3 leather armour (worn)
 E - a +0 hat (worn)
Jewellery
 b - a ring of positive energy (left hand)
 i - an amulet of reflection (around neck)
 o - a ring of protection from cold (right hand)
 v - an amulet of the acrobat
Wands
 s - a wand of iceblast (19)
 D - a wand of polymorph (11)
Scrolls
 f - 3 scrolls of teleportation
 p - a scroll of fear
 x - a scroll of magic mapping {unknown}
 F - a scroll of fog {unknown}
Potions
 d - a potion of might
 g - a potion of lignification {unknown}
 h - 2 potions of resistance
 j - 7 potions of curing
 m - a potion of flight {unknown}
 q - a potion of cancellation {unknown}
 u - a potion of haste {unknown}
 w - 2 potions of heal wounds {unknown}
 z - a potion of brilliance {unknown}
 A - a potion of berserk rage {unknown}
 B - a potion of ambrosia {unknown}
 C - a potion of invisibility {unknown}


   Skills:
 - Level 6.0 Fighting
 + Level 5.0 Short Blades
 - Level 3.8 Axes
 + Level 8.9 Throwing
 - Level 5.0 Armour
 - Level 4.0 Dodging
 - Level 2.0 Stealth
 - Level 4.0 Shields
 + Level 1.4 Evocations


You had 8 spell levels left.
You didn't know any spells.
Your spell library was empty.

Dungeon Overview and Level Annotations

Branches:
Dungeon (7/15)             Temple (1/1) D:5

Altars:
Cheibriados
Fedhas
Gozag
Hepliaklqana
Kikubaaqudgha
Makhleb
Nemelex Xobeh
Okawaru
Qazlal
Ru
Sif Muna
Vehumet
Wu Jian
Xom
Yredelemnul
Zin
The Shining One

Shops:
D:4 =   D:5 [


Innate Abilities, Weirdness & Mutations

You have a pair of horns on your head.
You reflexively headbutt those who attack you in melee.


Message History

The boulder beetle curls into a ball and begins rolling!
The boulder beetle hits you!
The boulder beetle stops rolling and uncurls.
You hit the boulder beetle but do no damage.
You headbutt the boulder beetle, but do no damage.
Your leather armour prevents you from hitting the boulder beetle.
The boulder beetle bites you!!
You hit the boulder beetle but do no damage.
You headbutt the boulder beetle, but do no damage.
The boulder beetle bites you!!
* * * LOW HITPOINT WARNING * * *
You hit the boulder beetle but do no damage.
The boulder beetle misses you.
You hit the boulder beetle but do no damage.
The boulder beetle is poisoned.
You headbutt the boulder beetle.
The boulder beetle is lightly wounded.
A red film seems to cover your vision as you go berserk!
You feel yourself moving faster!
You feel mighty! The boulder beetle bites you!
* * * LOW HITPOINT WARNING * * *
You hit the boulder beetle but do no damage.
You headbutt the boulder beetle!
The boulder beetle is moderately wounded.
The boulder beetle bites you!
* * * LOW HITPOINT WARNING * * *
You hit the boulder beetle but do no damage.
The boulder beetle looks even sicker.
You headbutt the boulder beetle!
The boulder beetle is heavily wounded.
You hit the boulder beetle but do no damage.
The boulder beetle looks as sick as possible!
You headbutt the boulder beetle.
The boulder beetle is heavily wounded.
You block the boulder beetle's attack.
You puncture the boulder beetle!
The boulder beetle is severely wounded.
You puncture the boulder beetle!
The boulder beetle looks as sick as possible!
You headbutt the boulder beetle.
The boulder beetle is almost dead.
The boulder beetle bites you!!
You die...

#....(.#
#).$...#
#......###
#........
#...(..####
#.[........
#).B...#
#.<@...#
########


You could see a boulder beetle (extremely poisoned).

Vanquished Creatures
  Pikel (D:4)
  The ghost of robertstho the Poker, a novice VSFi of Okawaru (D:5)
  A yak (D:5)
  Menkaure (D:5)
  2 orc warriors
  3 necrophages (D:5)
  2 ogres
  A centaur (D:4)
  A bullfrog (D:6)
  A scorpion (D:5)
  2 water moccasin zombies
  4 jellies
  A gnoll shaman (D:6)
  A centaur skeleton (D:6)
  6 hounds
  Ijyb (D:3)
  3 iguanas
  An orc wizard (D:6)
  A killer bee zombie (D:6)
  2 hound skeletons
  A howler monkey skeleton (D:6)
  4 gnolls
  12 adders
  2 dart slugs (D:3)
  5 orcs
  15 endoplasms
  6 giant cockroaches
  5 goblins
  4 hobgoblins
  A jackal (D:5)
  4 quokkas
  3 ball pythons
  3 bats
  A frilled lizard (D:2)
  15 kobolds
  3 rats
120 creatures vanquished.

Vanquished Creatures (others)
  7 fungi (D:3)
  A plant (D:5)
  5 toadstools (D:3)
  3 withered plants
16 creatures vanquished.

Grand Total: 136 creatures vanquished

Notes
Turn   | Place    | Note
-------+----------+-------------------------------------------
     0 | D:1      | Sweetruy1997 the Minotaur Berserker began the quest for the
                  | Orb.
     0 | D:1      | Reached XP level 1. HP: 19/19 MP: 0/0
   316 | D:1      | Reached XP level 2. HP: 21/27 MP: 1/1
  1179 | D:2      | Reached ** piety under Trog
  1180 | D:2      | Reached XP level 3. HP: 31/34 MP: 2/2
  1315 | D:2      | Reached skill level 1 in Throwing
  1417 | D:2      | Reached skill level 5 in Fighting
  1417 | D:2      | Reached XP level 4. HP: 36/42 MP: 3/3
  2013 | D:3      | Reached skill level 2 in Throwing
  2298 | D:3      | Found a faded altar of an unknown god.
  2361 | D:3      | Found an ornate altar of the Wu Jian Council.
  2373 | D:3      | Found a shimmering altar of Xom.
  2376 | D:3      | Noticed Ijyb
  2389 | D:3      | Killed Ijyb
  2533 | D:3      | Reached XP level 5. HP: 48/48 MP: 4/4
  2765 | D:3      | Reached skill level 1 in Shields
  2915 | D:3      | Reached skill level 3 in Throwing
  3358 | D:4      | Reached XP level 6. HP: 56/56 MP: 5/5
  3385 | D:4      | Found Qydwyem's Jewellery Shoppe.
  3403 | D:4      | Reached *** piety under Trog
  3426 | D:4      | Noticed Pikel
  3437 | D:4      | Killed Pikel
  3438 | D:4      | Reached skill level 1 in Short Blades
  3438 | D:4      | Reached skill level 5 in Throwing
  3438 | D:4      | Reached skill level 1 in Stealth
  3438 | D:4      | Reached XP level 7. HP: 45/62 MP: 6/6
  4104 | D:5      | Entered Level 5 of the Dungeon
  4217 | D:5      | Noticed Menkaure
  4223 | D:5      | Killed Menkaure
  4224 | D:5      | Reached skill level 6 in Throwing
  4224 | D:5      | Reached XP level 8. HP: 36/70 MP: 7/7
  4413 | D:5      | Found a runed translucent door.
  4417 | D:5      | Noticed robertstho's ghost (novice VSFi)
  4433 | D:5      | Found a sacrificial altar of Ru.
  4576 | D:5      | Reached skill level 7 in Throwing
  4576 | D:5      | Reached skill level 1 in Evocations
  4602 | D:5      | Reached skill level 5 in Armour
  5144 | D:5      | Found a staircase to the Ecumenical Temple.
  5230 | D:5      | Found Ekoesch's Armour Emporium.
  5347 | Temple   | Entered the Ecumenical Temple
  5715 | D:5      | Killed robertstho's ghost
  5716 | D:5      | Reached skill level 8 in Throwing
  5716 | D:5      | Reached XP level 9. HP: 75/75 MP: 8/8
  5883 | D:6      | Found a basalt altar of Yredelemnul.
  6091 | D:6      | Found a stormy altar of Qazlal.
  6390 | D:6      | Reached skill level 5 in Short Blades
  6461 | D:7      | Noticed a boulder beetle
  6473 | D:7      | HP: 5/112 [boulder beetle (16)]
  6477 | D:7      | Mangled by a boulder beetle

Illustrated notes

Levels and vault maps discovered:
D:1:      dpeg_cavernosity, layout_basic
D:2:      minmay_inner_zag, layout_basic
D:3:      cheibrodos_fertilizer, layout_basic, mainiacjoe_overflow_big_doors,
          hellmonk_ecumenical_altar_crossroads, minmay_diced_spiral, uniq_ijyb
D:4:      layout_loops_ring, serial_shops, nicolae_shop_crystal, minivault_27,
          uniq_pikel
D:5:      minmay_bubble_buster, layout_cave_pools, lemuel_tele_altar,
          temple_doors_ab, gammafunk_ghost_grave, serial_shops,
          nicolae_shop_waterfront, hangedman_abyss_or_decor_passed,
          corexii_shack, uniq_menkaure
D:6:      layout_loops_cross, mainiacjoe_overflow_surrounded_room,
          yredelemnul_altar_generic
D:7:      layout_rooms, ashenzari_altar_1, mainiacjoe_overflow_cross_hatched,
          uniq_harold, uniq_maggie, uniq_prince_ribbit1
Temple:   minmay_temple_forest_path

Skill      XL: |  1  2  3  4  5  6  7  8  9 |
---------------+----------------------------+-----
Fighting       | 4 5 6 |  6.0
Throwing       | 1 2 3 5 6 8 |  8.9
Shields        | 1 2 3 4 |  4.0
Armour         | 3 4 5 |  5.0
Short Blades   | 1 2 4 5 |  5.0
Dodging        | 3 4 |  4.0
Stealth        | 1 2 |  2.0
Evocations     | 1 |  1.4
Axes           | |  3.8

Action                   |  1- 3 |  4- 6 |  7- 9 || total
-------------------------+-------+-------+-------++-------
Melee: Quarterstaff      |    37 |     2 |       ||    39
       Hand axe          |     1 |    34 |       ||    35
       Headbutt          |     4 |    12 |    33 ||    49
       Dagger            |       |    27 |   131 ||   158
Throw: Boomerang         |    33 |    58 |    86 ||   177
       Javelin           |       |       |     2 ||     2
Invok: Berserk           |       |       |     2 ||     2
       Trog's Hand       |       |       |     1 ||     1
Evoke: Wand              |       |       |     6 ||     6
  Use: Scroll            |       |     4 |     7 ||    11
Armor: Animal skin       |     2 |       |       ||     2
       Leather armour    |     2 |    13 |    12 ||    27
Dodge: Dodged            |    15 |    25 |    36 ||    76
Block: Other             |    12 |       |       ||    12
       Buckler           |       |    18 |    42 ||    60

Table legend: (Time is in decaauts)
 A = Elapsed time spent in this place.
 B = Non-inter-level travel time spent in this place.
 C = Inter-level travel time spent in this place.
 D = Time resting spent in this place.
 E = Time spent auto-exploring this place.
 F = Levels seen in this place.
 G = Mean time per level.
                   A        B        C        D        E       F      G
               +--------+--------+--------+--------+--------+-----+--------+
         Total |   6506 |   6163 |    343 |    804 |   4582 |   8 |  813.2 |
       Dungeon |   6166 |   5862 |    304 |    804 |   4282 |   7 |  880.9 |
        Temple |    340 |    301 |     39 |      0 |    300 |   1 |  340.0 |
               +--------+--------+--------+--------+--------+-----+--------+

Top non-repeatable levels by time:
     D:3: 1325 daAuts
     D:5: 1275 daAuts
     D:1: 1008 daAuts
     D:2: 1000 daAuts
     D:4: 809 daAuts
     D:6: 734 daAuts
  Temple: 340 daAuts
     D:7: 12 daAuts
